 Dungeon Crawl Stone Soup version 0.23.2-1-ga50397a6bc (webtiles) character file.

Game seed: 5286256195997342247

1133 MachJacob the Cleaver (level 8, -6/71 HPs)
             Began as a Minotaur Berserker on May 5, 2019.
             Was an Elder of Trog.
             Killed from afar by a frilled lizard (9 damage)
             ... with an exploding inner flame
             ... hexed by the player character
             ... on level 5 of the Dungeon.
             The game lasted 00:14:05 (3788 turns).

MachJacob the Cleaver (Minotaur Berserker)          Turns: 3788, Time: 00:14:05

Health: -6/71      AC: 13    Str: 22    XL:     8   Next: 14%
Magic:  7/7        EV: 10    Int:  4    God:    Trog [****..]
Gold:   97         SH:  0    Dex: 12    Spells: 7/7 levels left

rFire    . . .     SeeInvis .   a - +1 hand axe
rCold    . . .     Gourm    .   (no shield)
rNeg     . . .     Faith    .   q - +1 chain mail
rPois    .         Spirit   .   (helmet restricted)
rElec    .         Reflect  .   (no cloak)
rCorr    .         Harm     .   (no gloves)
MR       .....                  u - +1 pair of boots
Stlth    ..........             (no amulet)
HPRegen  0.21/turn              k - ring of stealth
MPRegen  0.10/turn              (no ring)

@: lethally poisoned (-6 -> -7), vulnerable, very slightly contaminated
A: retaliatory headbutt, horns 2
a: Berserk, Trog's Hand, Brothers in Arms, Renounce Religion


You were on level 5 of the Dungeon.
You worshipped Trog.
Trog was greatly pleased with you.
You were not hungry.

You visited 1 branch of the dungeon, and saw 5 of its levels.
You also visited: Ossuary.

You collected 97 gold pieces.

Inventory:

Hand Weapons
 a - a +1 hand axe (weapon)
 f - a +0 mace of draining
Missiles
 d - 245 stones (quivered)
Armour
 q - a +1 chain mail (worn)
 u - a +1 pair of boots (worn)
Jewellery
 k - a ring of stealth (left hand)
Wands
 B - a wand of enslavement (5)
Scrolls
 e - 3 scrolls of amnesia
 j - 4 scrolls of remove curse
 m - a scroll of identify
Potions
 b - 3 potions of curing
 i - a potion of might {unknown}
 o - a potion of magic {unknown}
 p - a potion of brilliance {unknown}
 s - a potion of flight {unknown}
 t - 3 potions of lignification {unknown}
 v - a potion of mutation {unknown}
 w - 2 potions of haste {unknown}
 x - a potion of cancellation {unknown}
Comestibles
 c - 9 rations
 z - 11 chunks of flesh


   Skills:
 + Level 6.3 Fighting
 * Level 8.2 Axes
 + Level 5.6 Armour
 + Level 5.1 Dodging


You had 7 spell levels left.
You didn't know any spells.
Your spell library was empty.

Dungeon Overview and Level Annotations

Branches:
Dungeon (5/15)
 Temple: D:4-7

Altars:
Dithmenos
Zin

Shops:
D:5 =

Annotations:
D:2 1 runed translucent door, Crazy Yiuf
D:5 Edmund


Innate Abilities, Weirdness & Mutations

You reflexively headbutt those who attack you in melee.
You have a pair of horns on your head.


Message History

The frilled lizard closely misses you.
You barely miss the iguana.
The iguana is moderately wounded.
You barely miss the frilled lizard.
You are engulfed in blazing flames.
* * * LOW HITPOINT WARNING * * *
The iguana bites you but does no damage.
Unknown command.
Unknown command.
You barely miss the iguana.
The iguana is moderately wounded.
You hit the frilled lizard.
The frilled lizard explodes!
The fiery explosion engulfs the iguana!!
You kill the iguana!
Trog accepts your kill.
The fiery explosion engulfs the orc!!
The orc explodes!
Trog accepts your kill. The fiery explosion engulfs you!
You die...

.....)..# .# ...>....# #.#
........##..# #.....5.%..
#......§## . #§.§.###### ..
#§§§......#...
##§§.......... ........#
#@#(.........
........###§#..........
........#c§§#..(....##
........#S####.........
.......#@# #..!......
#.#...##.# #......... #.#
#.#..####.....c...
..#####.###.o(...........S..
........÷÷o.......##........


You could see Edmund, a crimson imp (inner flame) and an adder.

Vanquished Creatures
  A phantom (D:5)
  An ogre (D:4)
  A centaur (D:5)
  3 elf zombies
  Blork the orc (D:5)
  A howler monkey (D:4)
  A centaur zombie (Ossuary)
  A hound (D:5)
  A bullfrog skeleton (D:5)
  A human skeleton (D:5)
  An iguana (D:5)
  4 worker ants (D:5)
  3 big kobold zombies (Ossuary)
  2 mummies (Ossuary)
  A howler monkey zombie (D:5)
  13 adders
  An ooze (D:2)
  An adder zombie (D:5)
  6 worms
  2 dart slugs
  4 leopard geckos
  7 orcs
  3 giant cockroaches
  7 goblins
  12 hobgoblins
  8 jackals
  2 quokkas (D:3)
  4 bats
  6 frilled lizards
  9 hobgoblin zombies (Ossuary)
  A jackal skeleton (D:4)
  A jackal zombie (Ossuary)
  3 kobolds
  12 kobold zombies (Ossuary)
  4 orc skeletons (D:5)
  8 orc zombies (Ossuary)
  3 rats (D:2)
  A rat zombie (Ossuary)
141 creatures vanquished.

Vanquished Creatures (others)
  A scorpion (D:5)
1 creature vanquished.

Grand Total: 142 creatures vanquished

Notes
Turn   | Place    | Note
-------+----------+-------------------------------------------
     0 | D:1      | MachJacob the Minotaur Berserker began the quest for the
                  | Orb.
     0 | D:1      | Reached XP level 1. HP: 19/19 MP: 0/0
   253 | D:1      | Reached skill level 4 in Axes
   253 | D:1      | Reached XP level 2. HP: 27/27 MP: 1/1
   572 | D:1      | Reached ** piety under Trog
   842 | D:2      | Reached XP level 3. HP: 29/33 MP: 2/2
  1293 | D:2      | Found a runed translucent door.
  1294 | D:2      | Noticed Crazy Yiuf
  1361 | D:2      | Reached XP level 4. HP: 40/40 MP: 3/3
  1712 | D:3      | Found a shadowy altar of Dithmenos.
  1858 | D:3      | Reached skill level 5 in Axes
  1903 | D:3      | Found a glowing silver altar of Zin.
  2016 | D:3      | Reached XP level 5. HP: 46/47 MP: 4/4
  2474 | D:4      | Reached *** piety under Trog
  2682 | D:4      | Noticed an ogre
  2690 | D:4      | Killed an ogre
  2690 | D:4      | Reached skill level 6 in Axes
  2690 | D:4      | Reached XP level 6. HP: 55/55 MP: 5/5
  2763 | D:4      | Reached skill level 5 in Fighting
  2903 | D:5      | Entered Level 5 of the Dungeon
  2943 | D:5      | Reached XP level 7. HP: 30/61 MP: 6/6
  3269 | D:5      | Reached skill level 7 in Axes
  3270 | D:5      | Found a sand-covered staircase.
  3278 | Ossuary  | Entered an ossuary
  3456 | Ossuary  | Reached **** piety under Trog
  3579 | Ossuary  | Reached skill level 5 in Armour
  3649 | D:5      | Found Vasao's Jewellery Shop.
  3747 | D:5      | Reached XP level 8. HP: 67/70 MP: 7/7
  3771 | D:5      | Noticed Edmund
  3771 | D:5      | Noticed Blork the orc
  3786 | D:5      | Killed Blork the orc
  3786 | D:5      | Reached skill level 8 in Axes
  3786 | D:5      | Reached skill level 5 in Dodging
  3787 | D:5      | HP: 3/70 [cloud of flame (25)]
  3788 | D:5      | Killed from afar by a frilled lizard

Skill      XL: |  1  2  3  4  5  6  7  8 |
---------------+-------------------------+-----
Axes           | 4 5 6 7 8 |  8.2
Fighting       | 4 5 6 |  6.3
Armour         | 3 4 5 |  5.6
Dodging        | 3 4 5 |  5.1

Action                   |  1- 3 |  4- 6 |  7- 9 || total
-------------------------+-------+-------+-------++-------
Melee: Hand axe          |    83 |   112 |   194 ||   389
       Headbutt          |    14 |    25 |    50 ||    89
Throw: Stone             |     7 |     6 |     1 ||    14
Invok: Berserk           |       |     1 |       ||     1
  Use: Scroll            |       |     3 |     7 ||    10
  Eat: Chunk             |     1 |     6 |     3 ||    10
Armor: Ring mail         |    21 |     1 |       ||    22
       Chain mail        |       |    56 |    89 ||   145
Dodge: Dodged            |    40 |    45 |    68 ||   153
